 Dungeon Crawl Stone Soup version 0.29.1-13-g9f3cf754e1 (webtiles) character file.

Game seed: 3691591829990935025

446 OTABOTABOTAB the Caller (level 7, -12/45 HPs)
             Began as an Octopode Summoner on Jan 27, 2023.
             Killed by an exploding themself (34 damage)
             ... ignited by their inner flame
             ... on level 4 of the Dungeon.
             The game lasted 00:09:35 (5074 turns).

OTABOTABOTAB the Caller (Octopode Summoner)         Turns: 5074, Time: 00:09:35

Health: -12/45     AC:  1    Str:  7    XL:     7   Next: 3%
Magic:  0/13       EV: 13    Int: 26    God:
Gold:   234        SH:  0    Dex: 12    Spells: 1/14 levels left

rFire   . . .      SeeInvis +   o - +1 short sword (venom)
rCold   . . .      Faith    .   (no shield)
rNeg    . . .      Spirit   .   (helmet restricted)
rPois   .          Reflect  .   (no amulet)
rElec   .          Harm     .   V - ring of see invisible {sInv, !d}
rCorr   .          Rampage  .   f - +6 ring of intelligence
Will    .....                   (no ring)
Stlth   +++.......              (no ring)
HPRegen 0.15/turn               (no ring)
MPRegen 0.13/turn               (no ring)
                                (no ring)
                                (no ring)

@: no status effects
A: almost no armour, amphibious, 8 rings, camouflage 1, gelatinous body 1,
(nimble swimmer 1), tentacles
a: no special abilities


You were on level 4 of the Dungeon.
You visited 1 branch of the dungeon, and saw 4 of its levels.

You collected 234 gold pieces.

Inventory:

Hand Weapons
 o - a +1 short sword of venom (weapon)
   (You took it off a kobold on level 2 of the Dungeon)
Missiles
 c - 3 poisoned darts
 s - 52 stones
Jewellery
 f - a +6 ring of intelligence (right tentacle)
   (You found it on level 2 of the Dungeon)
 h - an amulet of guardian spirit
   (You found it on level 3 of the Dungeon)
 V - a ring of see invisible (left tentacle) {sInv, !d}
   (You found it on level 1 of the Dungeon)
Wands
 d - a wand of roots (4)
   (You found it on level 3 of the Dungeon)
Scrolls
 Y - a scroll of teleportation {@r3}
Potions
 n - a potion of cancellation
 B - a potion of brilliance
 G - a potion of ambrosia {!q}
 H - a potion of haste
 T - a potion of berserk rage {!q}


   Skills:
 + Level 2.2 Fighting
 + Level 3.1 Dodging
 - Level 2.6 Stealth
 + Level 4.0 Spellcasting
 + Level 2.1 Hexes
 + Level 5.6 Summonings
 + Level 0.0 Air Magic


You had one spell level left.
You knew the following spells:

 Your Spells              Type           Power      Damage    Failure   Level
a - Summon Small Mammal   Summ           100%       N/A       1%          1
b - Call Canine Familiar  Summ           34%        N/A       2%          3
c - Call Imp              Summ           34%        N/A       1%          2
d - Summon Guardian Gole  Hex/Summ       25%        N/A       5%          3
e - Summon Lightning Spi  Summ/Air       19%        N/A       26%         4

Your spell library contained the following spells:

 Spells                   Type           Power      Damage    Failure   Level
 Foxfire                  Conj/Fire      20%        2x1d5     9%          1
 Inner Flame              Hex/Fire       10%        N/A       17%         3
 Conjure Flame            Conj/Fire      5%         6-21      26%         3
 Flame Wave               Conj/Fire      5%         2d5       63%         4


Dungeon Overview and Level Annotations

Branches:
Dungeon (4/15)             Temple (0/1) D:4

Altars:
Nemelex Xobeh
Trog


Innate Abilities, Weirdness & Mutations

You cannot wear most types of armour.
You are amphibious.
You can wear up to eight rings at the same time.
Your skin changes colour to match your surroundings (Stealth+).
Your rubbery body absorbs attacks. (AC +1, EV +1)
((You are camouflaged when in or above water. (Stealth+)))
You have tentacles for arms and can constrict up to eight enemies at once.


Message History

The orc hits your quokka with a +0 dagger.
The orc hits your guardian golem but does no damage.
Your quokka bites the orc.
You continue memorising.
The orc hits your quokka but does no damage.
The orc hits your guardian golem but does no damage.
Your quokka barely misses the orc.
You continue memorising.
The orc hits your quokka with a +0 dagger.
Your quokka dies!
Your quokka's corpse disappears in a puff of smoke!
The orc hits your guardian golem but does no damage.
You finish memorising.
Spell assigned to 'e'.
Your quokka bites the orc.
The orc dies!
The orc hits your guardian golem with a +0 mace.
The goblin hits you with a +0 club.
You take 3 damage, and have 42/45 hp.
The orc hits your guardian golem but does no damage.
The goblin hits you with a +0 club.
You take 1 damage, and have 41/45 hp.
Your quokka barely misses the orc.
The orc barely misses your guardian golem.
The goblin hits you but does no damage.
Your quokka closely misses the orc.
Your hound disappears in a puff of smoke!
The orc hits your guardian golem but does no damage.
The goblin hits you with a +0 club.
Your quokka bites the orc but does no damage.
You take 1 damage, and have 40/45 hp.
The orc hits your guardian golem but does no damage.
Your quokka bites the orc.
The goblin misses you.
Your quokka closely misses the orc.
The orc hits your guardian golem with a +0 mace.
The goblin hits you with a +0 club.
Your crimson imp barely misses the orc.
You take 2 damage, and have 38/45 hp.
Your quokka bites the orc but does no damage.
The orc hits your guardian golem with a +0 mace.
The goblin hits you with a +0 club.
Your crimson imp hits the orc.
You take 2 damage, and have 36/45 hp.
Your quokka closely misses the orc.
The orc hits your crimson imp with a +0 mace.
The goblin hits you with a +0 club.
Your crimson imp blinks!
Your quokka barely misses the orc.
You take 4 damage, and have 32/45 hp.
You now have 2/13 mp.
The goblin hits you with a +0 club.
You take 3 damage, and have 29/45 hp.
Your hound bites the goblin.
The goblin dies!
The orc barely misses your quokka.
Your quokka bites the orc but does no damage.
Your crimson imp disappears in a puff of smoke!
Your quokka bites the orc.
The orc hits your quokka with a +0 mace.
Your quokka bites the orc.
The orc dies!
An iguana is nearby!
Your guardian golem disappears in a puff of smoke!
Your hound closely misses the iguana.
Your hound bites the iguana.
The iguana barely misses your quokka.
Your hound bites the iguana but does no damage.
Your quokka barely misses the iguana.
Your hound bites the iguana but does no damage.
The iguana barely misses your quokka.
Your quokka bites the iguana but does no damage.
Your hound closely misses the iguana.
Your quokka closely misses the iguana.
The iguana misses your quokka.
Your hound bites the iguana.
Your hound barely misses the iguana.
Your quokka barely misses the iguana.
The iguana bites your quokka!
Your quokka dies!
Your quokka's corpse disappears in a puff of smoke!
Your hound bites the iguana but does no damage.
A guardian golem appears, shielding your allies.
Your hound disappears in a puff of smoke!
You now have 1/13 mp.
The iguana hisses menacingly.
You swap places.
The iguana closely misses you. The iguana attacks as you move away!
The iguana bites you.
You take 1 damage, and have 31/45 hp.
The iguana bites you!
You take 10 damage, and have 21/45 hp.
MASSIVE DAMAGE!!
The iguana hisses menacingly.
The iguana barely misses you.
You swap places.
The iguana barely misses you. The iguana bites your guardian golem.
The iguana bites your guardian golem. The iguana bites your guardian golem.
The iguana bites your guardian golem.
Your guardian golem overheats!
You now have 0/13 mp.
The iguana bites your guardian golem! Flame seeps out of your guardian golem.
Your guardian golem is engulfed in blazing flames.
Your guardian golem disappears in a puff of smoke!
The fiery explosion engulfs the iguana!!
The iguana dies!
The fiery explosion engulfs you!!
Ouch! That really hurt!
You die...

#. ........[......h.. ....
..................
.....####..........<.......
...)....$####).)....oo.....
$....##.......#............
### ###...........######.
###§.........## #.
##.§○§..##.#...# #
#######...@§.....)##.!.. #
####........h>.....#.....##
#.#.)................#####...
#....................### ###
#..#.....<........<....#
####.........#########....
#.........# #### #.........#
##.......##


You could see a friendly wolf (summoned, sheltered).

Vanquished Creatures
  A hobgoblin (D:2)
  A rat (D:1)
2 creatures vanquished.

Vanquished Creatures (collateral kills)
  An ice beast (D:4)
  A necrophage (D:3)
  2 scorpions
  3 gnolls (D:4)
  6 adders
  A worm (D:2)
  2 dart slugs
  6 orcs
  2 bats (D:1)
  8 endoplasms
  8 giant cockroaches
  5 hobgoblins
  9 kobolds
  2 quokkas
  6 ball pythons
  2 frilled lizards
  4 goblins
  9 rats
77 creatures vanquished.

Vanquished Creatures (others)
  An iguana (D:4)
  A gnoll (D:4)
2 creatures vanquished.

Grand Total: 81 creatures vanquished

Notes
Turn   | Place    | Note
-------+----------+-------------------------------------------
     0 | D:1      | OTABOTABOTAB the Octopode Summoner began the quest for the
                  | Orb.
     0 | D:1      | Reached XP level 1. HP: 11/11 MP: 3/3
   236 | D:1      | Found a faded altar of an unknown god.
   491 | D:1      | Reached XP level 2. HP: 17/17 MP: 1/5
   494 | D:1      | Learned a level 2 spell: Call Imp
  1450 | D:2      | Reached XP level 3. HP: 21/21 MP: 1/6
  1454 | D:2      | Learned a level 3 spell: Call Canine Familiar
  2197 | D:2      | Reached skill level 3 in Spellcasting
  2413 | D:2      | Reached XP level 4. HP: 27/27 MP: 4/8
  2743 | D:2      | Learned a level 3 spell: Summon Guardian Golem
  2773 | D:3      | Reached skill level 5 in Summonings
  2981 | D:3      | Noticed a necrophage
  3000 | D:3      | Killed a necrophage
  3001 | D:3      | Reached XP level 5. HP: 32/32 MP: 5/10
  3056 | D:3      | Reached skill level 1 in Hexes
  3135 | D:3      | Reached skill level 1 in Fighting
  3496 | D:3      | Found a bloodstained altar of Trog.
  3634 | D:3      | Found a sparkling altar of Nemelex Xobeh.
  3717 | D:3      | Reached XP level 6. HP: 28/38 MP: 5/11
  4404 | D:4      | Noticed an ice beast
  4441 | D:4      | Killed an ice beast
  4442 | D:4      | Reached skill level 2 in Fighting
  4442 | D:4      | Reached skill level 3 in Dodging
  4442 | D:4      | Reached skill level 2 in Hexes
  4682 | D:4      | Found a staircase to the Ecumenical Temple.
  4692 | D:4      | HP: 9/39 [orc/+0 dagger (4)]
  4698 | D:4      | HP: 4/39 [orc/+0 mace (2)]
  4701 | D:4      | HP: 1/39 [orc/+0 mace (7)]
  4708 | D:4      | Reached skill level 4 in Spellcasting
  4708 | D:4      | Reached XP level 7. HP: 2/45 MP: 5/13
  5039 | D:4      | Learned a level 4 spell: Summon Lightning Spire
  5074 | D:4      | Killed by an exploding themself... ignited by their inner
                  | flame

Illustrated notes

Levels and vault maps discovered:
D:1:      dpeg_arrival_simpleton_a, layout_basic,
          ebering_ecumenical_altar_abandoned, kennysheep_boxes
D:2:      layout_basic, minmay_pentomino_p2
D:3:      layout_basic, nemelex_spade_bored_becter, lemuel_tele_altar,
          minmay_bisected
D:4:      layout_rooms, minmay_temple_entry_water_ring

Skill      XL: |  1  2  3  4  5  6 |
---------------+-------------------+-----
Spellcasting   | 3 4 |  4.0
Summonings     | 5 |  5.6
Hexes          | 1 2 |  2.1
Fighting       | 1 2 |  2.2
Dodging        | 3 |  3.1
Stealth        | |  2.6

Action                   |  1- 3 |  4- 6 |  7- 9 || total
-------------------------+-------+-------+-------++-------
Melee: Unarmed           |     4 |       |       ||     4
       Constrict         |     3 |       |       ||     3
       Tentacles         |     1 |       |       ||     1
       Short sword       |     2 |       |       ||     2
Throw: Stone             |     4 |     1 |       ||     5
 Cast: Summon Small Mamm |    27 |    11 |     2 ||    40
       Call Imp          |    16 |    14 |     1 ||    31
       Call Canine Famil |     5 |    18 |     3 ||    26
       Summon Guardian G |       |     6 |     2 ||     8
  Use: Scroll            |       |    13 |       ||    13
       Potion            |       |     5 |       ||     5
Armor: Skin              |     1 |       |     1 ||     2
Dodge: Dodged            |    12 |    27 |     4 ||    43

Table legend: (Time is in decaauts)
 A = Elapsed time spent in this place.
 B = Non-inter-level travel time spent in this place.
 C = Inter-level travel time spent in this place.
 D = Time resting spent in this place.
 E = Time spent auto-exploring this place.
 F = Levels seen in this place.
 G = Mean time per level.
                   A        B        C        D        E       F      G
               +--------+--------+--------+--------+--------+-----+--------+
         Total |   5058 |   4906 |    152 |    651 |   3387 |   4 | 1264.5 |
       Dungeon |   5058 |   4906 |    152 |    651 |   3387 |   4 | 1264.5 |
               +--------+--------+--------+--------+--------+-----+--------+

Top non-repeatable levels by time:
     D:3: 1947 daAuts
     D:1: 1427 daAuts
     D:2: 1337 daAuts
     D:4: 345 daAuts

Table legend:
 A = Kills in this place as a percentage of kills in entire the game.
 B = Kills by you in this place as a percentage of kills by you in the entire game.
 C = Kills by friends in this place as a percentage of kills by friends in the entire game.
 D = Other kills in this place as a percentage of other kills in the entire game.
 E = Experience gained in this place as a percentage of experience gained in the entire game.
 F = Experience gained in this place divided by the number of levels of this place that you have seen.
                   A       B       C       D       E      F
               +-------+-------+-------+-------+-------+----------------------
         Total | 100.0 | 100.0 | 100.0 | 100.0 | 100.0 | 168.8
       Dungeon | 100.0 | 100.0 | 100.0 | 100.0 | 100.0 | 168.8
               +-------+-------+-------+-------+-------+----------------------
